 Dungeon Crawl Stone Soup version 0.19.1 (webtiles) character file.

6920 Dfrag the Covert (level 10, -1/75 HPs)
             Began as a Deep Dwarf Necromancer on Nov 25, 2016.
             Was a Priest of Makhleb.
             Shot with a bolt by an orc warlord (19 damage)
             ... in a bailey.
             The game lasted 00:26:59 (10277 turns).

Dfrag the Covert (Deep Dwarf Necromancer)          Turns: 10277, Time: 00:26:59

Health: -1/75      AC:  2    Str: 11    XL:     10   Next: 80%
Magic:  13/22      EV: 16    Int: 20    God:    Makhleb [***...]
Gold:   733        SH:  0    Dex: 13    Spells: 6 memorised, 5 levels left

rFire  + . .     SeeInvis .     D - +1 war axe (freeze)
rCold  x . .     Gourm    .     a - +0 robe
rNeg   . . .     Faith    .     (no shield)
rPois  .         Spirit   .     (no helmet)
rElec  .         Reflect  .     (no cloak)
rCorr  .         Harm     .     (no gloves)
MR     +....                    (no boots)
Stlth  ++++......               N - amulet of magic regeneration
                                C - ring of fire
                                G - +4 ring of evasion

@: very slightly contaminated, non-regenerating
A: damage resistance, recharge devices, sense surroundings 2, slow regeneration
3
a: Device Recharging, Minor Destruction, Lesser Servant of Makhleb, Renounce
Religion


You were in a bailey.
You worshipped Makhleb.
Makhleb was most pleased with you.
You were not hungry.

You visited 2 branches of the dungeon, and saw 12 of its levels.
You also visited: Bailey.

You collected 733 gold pieces.

Inventory:

Hand Weapons
 f - a +0 short sword
 y - a +2 vampiric whip
 D - a +1 war axe of freezing (weapon)
Armour
 a - a +0 robe (worn)
 F - +0 gold dragon scales
Jewellery
 o - an uncursed ring of resist corrosion
 t - an uncursed ring of wizardry
 C - a ring of fire (right hand)
 G - a +4 ring of evasion (left hand)
 N - an amulet of magic regeneration (around neck)
Wands
 c - a wand of heal wounds (0/9)
 P - a wand of paralysis (6/24)
 Q - a wand of paralysis (16/24)
 R - a wand of random effects (38/48)
Scrolls
 h - 5 scrolls of teleportation
 l - 2 scrolls of amnesia
 m - 4 scrolls of remove curse
 n - 3 scrolls of recharging
 p - a scroll of fear {unknown}
 q - 3 scrolls of enchant weapon
 A - a scroll of random uselessness
 J - a scroll of fog
 K - a scroll of silence {unknown}
 M - a scroll of brand weapon {unknown}
 O - a scroll of vulnerability {unknown}
 U - a scroll of summoning {unknown}
 W - a scroll of enchant armour {unknown}
 Z - a scroll of identify
Potions
 e - a potion of cure mutation {unknown}
 g - a potion of heal wounds {unknown}
 j - a potion of flight {unknown}
 r - 3 potions of curing
 u - a potion of might {unknown}
 v - a potion of cancellation {unknown}
 w - 2 potions of berserk rage {unknown}
 x - a potion of haste {unknown}
 z - a potion of resistance {unknown}
 B - 2 potions of brilliance {unknown}
 E - 3 potions of ambrosia {unknown}
 S - a potion of degeneration {unknown}
 T - 4 potions of lignification {unknown}
Books
 b - a book of Necromancy

   Spells                             Type                      Level
   a - Pain                           Necromancy                   1
   b - Animate Skeleton               Necromancy                   1
   c - Vampiric Draining              Necromancy                   3
   d - Regeneration                   Charms/Necromancy            3
   e - Animate Dead                   Necromancy                   4
   f - Control Undead                 Necromancy                   4
 I - a book of Flames

   Spells                             Type                      Level
   a - Flame Tongue                   Conjuration/Fire             1
   b - Throw Flame                    Conjuration/Fire             2
   c - Conjure Flame                  Conjuration/Fire             3
   d - Inner Flame                    Hexes/Fire                   3
   e - Sticky Flame                   Conjuration/Fire             4
   f - Fireball                       Conjuration/Fire             5
 V - the Incunabulum of Damage Dealing
   (You found it on level 10 of the Dungeon)

   Spells                             Type                      Level
   a - Throw Flame                    Conjuration/Fire             2
   b - Conjure Flame                  Conjuration/Fire             3
   c - Force Lance                    Conjuration/Translocation    4
   d - Venom Bolt                     Conjuration/Poison           5
   e - Bolt of Draining               Conjuration/Necromancy       5
Comestibles
 d - 5 bread rations
 k - 7 meat rations
 s - 17 fruits
 H - 2 royal jellies
 L - a slice of pizza
 X - 2 beef jerkies
 Y - 4 chunks of flesh


   Skills:
 - Level 0.2 Axes
 - Level 0.4 Armour
 - Level 2.1 Dodging
 - Level 9.1 Stealth
 - Level 8.0 Spellcasting
 * Level 6.4 Conjurations
 - Level 8.0 Necromancy
 + Level 6.8 Fire Magic


You had 5 spell levels left.
You knew the following spells:

 Your Spells              Type           Power        Failure   Level  Hunger
a - Pain                  Necr           ####         1%          1    None
b - Vampiric Draining     Necr           #####.....   1%          3    None
c - Control Undead        Necr           #####.....   3%          4    ###....
d - Sticky Flame          Conj/Fire      ######..     8%          4    ###....
e - Fireball              Conj/Fire      ######....   17%         5    #####..
f - Conjure Flame         Conj/Fire      ######..     1%          3    None


Dungeon Overview and Level Annotations

Branches:
Dungeon (11/15)            Temple (1/1) D:7            Lair (0/6) D:8
    Orc: D:9-12

Altars:
Cheibriados
Elyvilon
Gozag
Makhleb
Okawaru
Ru
Sif Muna
Trog
Uskayaw
Vehumet
Zin

Shops:
D:9 %

Annotations:
D:7 exclusion: door


Innate Abilities, Weirdness & Mutations

You are resistant to damage.
You can recharge devices by infusing magical energy.
You passively map the area around you.
You do not regenerate.


Message History

Unknown command.
Unknown command.
Unknown command.
Okay, then.
Okay, then.
Unknown command.
Blink to where?
Press: ? - help, Dir - move target cursor, p - orc warlord You are very lightly contaminated with residual magic.
As you read the scroll of blinking, it crumbles to dust.
As you read the scroll of teleportation, it crumbles to dust.
You feel strangely unstable.
The orc warlord burns!
The orc warlord unwields an uncursed enchanted great mace.
The orc warlord wields an uncursed arbalest.
The orc warlord shoots a bolt.
The bolt misses you.
Okay, then.
An orc warrior comes into view. It is wielding a war axe.
Your surroundings suddenly seem different.
The orc warlord burns!
The orc warlord shoots a bolt.
The bolt hits you!!
You die...

.#...........#
.'...........#
#.....⌠.....#
,#..o...)....#
#......()...#
##....))())### ♣♣♣♣♣
###.....#'#.### ♣♣.♣.♣♣♣
,
###.###o....###♣♣......♣
###.(.....@.##......♣♣
,,#......)....#.......♣♣
,, #...........'........♣
,,,
#.....⌠....)'..∩.)..♣♣ ,
#....)))....'....)..♣*
#...........#........♣ ,
###...(.....##.......♣♣ ,
,###.###.....###♣♣♣.....♣
#,###.....#'#.### ♣..♣.♣♣


You could see an orc warlord (burning).

Vanquished Creatures
  2 hill giants (D:10)
  An orc knight (Bailey)
  A gargoyle (D:10)
  2 trolls
  3 hippogriffs
  Sigmund (D:2)
  A wyvern (D:7)
  A water moccasin (D:5)
  Duvessa (D:4)
  An eye of draining (D:10)
  2 sky beasts
  2 ice beasts
  A black bear (D:10)
  5 orc warriors
  4 centaurs
  4 ogres
  The ghost of VictoriousLee the Skirmisher, an amateur OpFi (D:3)
  Blork the orc (D:6)
  A bullfrog (D:8)
  Dowan (D:4)
  5 scorpions
  2 wights (D:7)
  3 howler monkeys
  2 crimson imps
  A centaur zombie (D:8)
  A quasit (D:10)
  2 jellies (D:10)
  4 hounds
  A bullfrog skeleton (D:6)
  5 orc priests
  9 orc wizards
  An iguana (D:10)
  Jessica (D:2)
  6 worker ants
  A killer bee zombie (D:6)
  A hound skeleton (D:6)
  2 worker ant zombies
  12 gnolls
  9 adders
  4 shadow imps
  3 oozes
  6 worms
  6 dart slugs
  4 leopard geckos
  49 orcs
  5 giant cockroaches
  24 goblins
  20 hobgoblins
  8 jackals
  9 kobolds
  4 quokkas
  A ball python (D:3)
  9 bats
  7 frilled lizards
  A leopard gecko zombie (D:8)
  6 rats (D:1)
270 creatures vanquished.

Vanquished Creatures (collateral kills)
  3 wights (D:7)
  A hound (D:9)
  4 orcs (D:3)
8 creatures vanquished.

Vanquished Creatures (others)
  An orc wizard (D:9)
1 creature vanquished.

Grand Total: 279 creatures vanquished

Notes
Turn   | Place    | Note
-------+----------+-------------------------------------------
     0 | D:1      | Dfrag the Deep Dwarf Necromancer began the quest for the Orb.
     0 | D:1      | Reached XP level 1. HP: 15/15 MP: 3/3
   145 | D:1      | Reached XP level 2. HP: 7/22 MP: 1/5
   850 | D:1      | Reached XP level 3. HP: 5/28 MP: 4/6
   855 | D:1      | Learned a level 3 spell: Vampiric Draining
   891 | D:2      | Reached skill level 5 in Necromancy
   917 | D:2      | Noticed Sigmund
  1066 | D:2      | HP: 1/28 [worm (10)]
  1220 | D:2      | Noticed Jessica
  1274 | D:2      | Killed Jessica
  1274 | D:2      | Reached XP level 4. HP: 13/36 MP: 1/8
  1765 | D:2      | Killed Sigmund
  1765 | D:2      | Reached XP level 5. HP: 26/42 MP: 0/11
  1765 | D:2      | Reached XP level 6. HP: 30/49 MP: 0/12
  2507 | D:3      | Noticed VictoriousLee's ghost (amateur OpFi)
  2705 | D:4      | Learned a level 4 spell: Control Undead
  2792 | D:4      | Noticed Duvessa
  2792 | D:4      | Noticed Dowan
  2801 | D:4      | Killed Duvessa
  2801 | D:4      | Reached skill level 5 in Spellcasting
  2816 | D:4      | Killed Dowan
  2816 | D:4      | Reached XP level 7. HP: 25/55 MP: 0/15
  3407 | D:5      | Entered Level 5 of the Dungeon
  3680 | D:5      | Found a bloodstained altar of Trog.
  4403 | D:3      | Your ally VictoriousLee died
  4637 | D:6      | Noticed Blork the orc
  4644 | D:6      | Killed Blork the orc
  4644 | D:6      | Reached XP level 8. HP: 26/62 MP: 4/17
  5609 | D:7      | Found a staircase to the Ecumenical Temple.
  5636 | Temple   | Entered the Ecumenical Temple
  5669 | Temple   | Became a worshipper of Makhleb the Destroyer
  5723 | D:7      | Found an opulent altar of Gozag.
  5723 | D:7      | Noticed a hill giant
  5821 | D:7      | Reached skill level 3 in Stealth
  5906 | D:7      | Reached skill level 4 in Stealth
  6151 | D:7      | Reached skill level 5 in Stealth
  6421 | D:8      | Noticed a hippogriff
  6428 | D:8      | Killed a hippogriff
  6428 | D:8      | Reached skill level 6 in Stealth
  6428 | D:8      | Gained mutation: You passively map the area around you. [Deep Dwarf growth]
  6428 | D:8      | Reached XP level 9. HP: 38/68 MP: 0/20
  6785 | D:8      | Learned a level 4 spell: Sticky Flame
  6825 | D:8      | Reached skill level 7 in Stealth
  6914 | D:8      | Reached skill level 1 in Fire Magic
  6933 | D:8      | Found a staircase to the Lair.
  7000 | D:7      | Reached * piety under Makhleb
  7693 | D:9      | Reached skill level 8 in Stealth
  8229 | D:9      | Found Fuaqisug's Food Shoppe.
  8289 | D:9      | Noticed a troll
  8304 | D:9      | Reached ** piety under Makhleb
  8402 | D:9      | Killed a troll
  8402 | D:9      | Reached skill level 9 in Stealth
  8402 | D:9      | Reached skill level 5 in Fire Magic
  8462 | D:9      | Reached skill level 1 in Conjurations
  8893 | D:10     | Entered Level 10 of the Dungeon
  8911 | D:10     | Noticed a hill giant
  8923 | D:10     | Noticed a gargoyle
  8934 | D:10     | Reached XP level 10. HP: 50/75 MP: 15/22
  9032 | D:10     | Learned a level 5 spell: Fireball
  9092 | D:10     | Killed a hill giant
  9101 | D:10     | Identified the Incunabulum of Damage Dealing
  9440 | D:10     | Noticed a hill giant
  9457 | D:10     | Killed a hill giant
  9600 | D:10     | Killed a gargoyle
  9600 | D:10     | Reached skill level 5 in Conjurations
  9777 | D:11     | Reached *** piety under Makhleb
  9867 | D:11     | Found a flagged portal.
  9879 | Bailey   | Entered a bailey
  9959 | Bailey   | Learned a level 3 spell: Conjure Flame
 10065 | Bailey   | Noticed an orc knight
 10066 | Bailey   | Noticed an orc knight
 10106 | Bailey   | Killed an orc knight
 10257 | Bailey   | Noticed an orc warlord
 10277 | Bailey   | Shot with a bolt by an orc warlord

Skill      XL: |  1  2  3  4  5  6  7  8  9 10 |
---------------+-------------------------------+-----
Spellcasting   | 2 3 4 5 6 7 8 |  8.0
Necromancy     | 5 6 7 8 |  8.0
Stealth        | 6 9 |  9.1
Fire Magic     | 5 6 |  6.8
Conjurations   | 1 6 |  6.4
Axes           | |  0.2
Armour         | |  0.4
Dodging        | |  2.1

Action                   |  1- 3 |  4- 6 |  7- 9 | 10-12 || total
-------------------------+-------+-------+-------+-------++-------
Melee: Unarmed           |    16 |       |       |       ||    16
       Short sword       |     5 |   102 |    64 |       ||   171
       War axe           |       |       |   184 |    87 ||   271
       Flail             |       |       |     3 |       ||     3
 Cast: Pain              |    50 |    24 |    55 |    22 ||   151
       Vampiric Draining |     9 |    38 |   130 |    50 ||   227
       Control Undead    |       |       |    19 |       ||    19
       Sticky Flame      |       |       |     2 |    15 ||    17
       Fireball          |       |       |       |     4 ||     4
Evoke: Wand              |       |     1 |     2 |     2 ||     5
  Use: Potion            |       |       |     1 |       ||     1
       Scroll            |       |       |     1 |     9 ||    10
 Stab: Sleeping          |       |     2 |     3 |     1 ||     6
  Eat: Chunk             |     1 |     9 |    23 |     8 ||    41
       Fruit             |       |       |     1 |       ||     1
Armor: Robe              |     9 |    35 |    32 |     9 ||    85
       Gold dragon scale |       |       |    53 |       ||    53
Dodge: Dodged            |    39 |   106 |   311 |   138 ||   594
